 Dungeon Crawl Stone Soup version 0.20.0-4-g10b340a (webtiles) character file.

75 exewu the Firebug (level 4, -8/30 HPs)
             Began as a Mummy Fire Elementalist on May 27, 2017.
             Mangled by skittles's ghost (10 damage)
             ... on level 3 of the Dungeon.
             The game lasted 00:09:44 (1881 turns).

exewu the Firebug (Mummy Fire Elementalist)         Turns: 1881, Time: 00:09:44

Health: -8/30      AC:  5    Str: 11    XL:     4   Next: 11%
Magic:  0/8        EV: 12    Int: 15    God:
Gold:   158        SH:  0    Dex: 12    Spells: 4/8 levels left

rFire    x . .     SeeInvis .   p - +0 whip (drain)
rCold    + . .     Gourm    .   (no shield)
rNeg     + + +     Faith    .   a - +1 robe
rPois    ∞         Spirit   .   h - +2 hat
rElec    .         Reflect  .   (no cloak)
rCorr    .         Harm     .   (no gloves)
MR       .....                  (no boots)
Stlth    ++........             (no amulet)
Regen    0.1/turn               (no ring)
MPRegen  0.2/turn               (no ring)

@: very slightly contaminated
A: no food or potions, fire vulnerability, cold resistance 1, negative energy
resistance 3, torment resistance, unbreathing
a: no special abilities


You were on level 3 of the Dungeon.
You were not hungry.

You visited 1 branch of the dungeon, and saw 3 of its levels.

You collected 158 gold pieces.

Inventory:

Hand Weapons
 m - a +0 hunting sling
 p - a +0 whip of draining (weapon)
Missiles
 e - 86 stones (quivered)
 j - 22 arrows
 k - 13 sling bullets
Armour
 a - a +1 robe (worn)
 h - a +2 hat (worn)
Scrolls
 d - 5 scrolls of identify
 g - 6 scrolls of remove curse
 o - a scroll of noise
Books
 b - a book of Flames

   Spells                             Type                      Level
   a - Flame Tongue                   Conjuration/Fire             1
   b - Throw Flame                    Conjuration/Fire             2
   c - Conjure Flame                  Conjuration/Fire             3
   d - Inner Flame                    Hexes/Fire                   3
   e - Sticky Flame                   Conjuration/Fire             4
   f - Fireball                       Conjuration/Fire             5


   Skills:
 - Level 1.5 Dodging
 - Level 1.5 Stealth
 - Level 2.6 Spellcasting
 + Level 2.7 Conjurations
 + Level 3.0 Fire Magic


You had 4 spell levels left.
You knew the following spells:

 Your Spells              Type           Power        Failure   Level  Hunger
a - Flame Tongue          Conj/Fire      ##...        6%          1    N/A
b - Conjure Flame         Conj/Fire      ##......     19%         3    N/A

Dungeon Overview and Level Annotations

Branches:
Dungeon (3/15)

Altars:

Annotations:
D:3 skittles's ghost, amateur DrFE


Innate Abilities, Weirdness & Mutations

You do not eat or drink.
Your flesh is vulnerable to fire.
You are immune to poison.
Your flesh is cold resistant. (rC+)
You are immune to negative energy. (rN+++)
You are immune to unholy pain and torment.
You can survive without breathing.


Message History

Casting: Conjure Flame
Confirm with . or Enter, or press ? or * to list all spells.
Aiming: Flame Tongue
Press: ? - help, Shift-Dir - straight line, f - skittles's ghost, p - orc
Aim: skittles's ghost (blue smoke)
The flame tongue hits skittles's ghost.
Skittles's ghost is moderately damaged.
Skittles's ghost closely misses you.
Casting: Flame Tongue
Confirm with . or Enter, or press ? or * to list all spells.
Aiming: Flame Tongue
Press: ? - help, Shift-Dir - straight line, f/p - skittles's ghost
Aim: skittles's ghost (blue smoke, moderately damaged)
The flame tongue hits skittles's ghost.
Skittles's ghost is moderately damaged.
Skittles's ghost hits you!
* * * LOW HITPOINT WARNING * * *
The adder closely misses you. x2
You closely miss the adder. Skittles's ghost hits you!
You die...

###########
.#......... #..
...........######...#.
...# #.§§W@SJo(...
##...# ########...##
#....# .. ## .....##.#
#........ #........
#....##.# #....#
#....# #


You could see skittles's ghost, an ooze, an adder and an orc.

Vanquished Creatures
  An orc priest (D:3)
  An adder (D:2)
  2 worms (D:2)
  A dart slug (D:1)
  A leopard gecko (D:2)
  2 giant cockroaches
  3 goblins
  2 hobgoblins
  3 jackals (D:2)
  3 kobolds
  3 ball pythons
  3 frilled lizards (D:2)
  4 rats (D:2)
29 creatures vanquished.

Notes
Turn   | Place    | Note
-------+----------+-------------------------------------------
     0 | D:1      | exewu the Mummy Fire Elementalist began the quest for the Orb.
     0 | D:1      | Reached XP level 1. HP: 13/13 MP: 4/4
    45 | D:1      | Reached skill level 1 in Conjurations
   450 | D:1      | Reached XP level 2. HP: 19/19 MP: 2/5
  1076 | D:2      | Reached XP level 3. HP: 24/24 MP: 4/7
  1667 | D:3      | Noticed skittles's ghost (amateur DrFE)
  1851 | D:3      | Learned a level 3 spell: Conjure Flame
  1862 | D:3      | Reached skill level 3 in Fire Magic
  1862 | D:3      | Reached XP level 4. HP: 7/30 MP: 3/8
  1881 | D:3      | Mangled by skittles's ghost

Skill      XL: |  1  2  3 |
---------------+----------+-----
Conjurations   | 1 2 |  2.7
Fire Magic     | 3 |  3.0
Dodging        | |  1.5
Stealth        | |  1.5
Spellcasting   | |  2.6

Action                   |  1- 3 |  4- 6 || total
-------------------------+-------+-------++-------
Melee: Dagger            |    19 |       ||    19
       Whip              |       |     1 ||     1
 Fire: Hunting sling     |    31 |     2 ||    33
 Cast: Flame Tongue      |    43 |     3 ||    46
       Conjure Flame     |       |     1 ||     1
  Use: Scroll            |     3 |     4 ||     7
Armor: Robe              |    17 |       ||    17
Dodge: Dodged            |    38 |     3 ||    41
